Map: Odyssey LE

Players

Rye - Winner!

  • Race: Zerg Zerg
  • League: Diamond
  • Spawn Location: 11:00

VOD

Have the link to the VOD?

Description

Time

  • Played on: Nov. 15, 2017, 5:45 a.m.
  • Length: 44:02
Show
View Real Time Build Order
Export as new Build Order

Rye Zerg - Winner!

Build Orders: 3 Hatch before Pool 

Get SALT Encoding   

  12  0:04  Drone  
  12  0:12  Overlord  
  12  1:01  Overlord, Drone  
  12  1:13  Drone x2  
  12  1:19  Hatchery  
  12  1:25  Drone  
  12  1:36  Hatchery  
  12  1:42  Drone  
  12  1:45  Drone  
  12  1:50  Spawning Pool  
  12  1:55  Extractor  
  12  1:57  Drone  
  12  2:10  Drone  
  12  2:20  Drone  
  12  2:33  Drone x2  
  12  2:36  Queen  
  12  2:37  Queen  
  12  2:39  Drone  
  12  2:49  Drone x3  
  12  3:01  Metabolic Boost  
  12  3:05  Spore Crawler  
  12  3:13  Spore Crawler, Drone x4  
  12  3:25  Queen  
  12  3:26  Drone  
  12  3:27  Drone  
  12  3:35  Spore Crawler  
  12  3:37  Drone x3  
  12  3:46  Lair  
  12  3:52  Drone x3  
  12  3:57  Queen  
  12  4:04  Drone  
  12  4:08  Overlord  
  12  4:12  Overlord  
  12  4:26  Queen  
  12  4:37  Queen  
  12  4:46  Drone x12  
  12  4:56  Evolution Chamber, Drone  
  12  4:57  Evolution Chamber, Overlord  
  12  4:58  Overlord x2  
  12  5:05  Extractor  
  12  5:06  Extractor  
  12  5:12  Roach Warren  
  12  5:18  Extractor, Drone x3  
  12  5:20  Drone x2  
  12  5:24  Queen  
  12  5:26  Queen  
  12  5:35  Drone  
  12  5:36  Drone x8  
  12  5:45  Zerg Ground Armor Level 1, Zerg Melee Weapons Level 1  
  12  5:48  Drone x3  
  12  5:49  Drone x2  
  12  5:56  Queen  
  12  6:01  Roach  
  12  6:02  Roach  
  12  6:09  Overlord x2  
  12  6:10  Overlord  
  12  6:24  Roach Warren  
  12  6:27  Extractor, Queen  
  12  6:30  Extractor  
  12  6:31  Queen  
  12  6:40  Queen  
  12  6:45  Roach  
  12  6:46  Roach x9  
  12  6:49  Glial Reconstitution  
  12  6:55  Overlord x2  
  12  7:02  Overlord x2  
  12  7:03  Overlord  
  12  7:14  Queen  
  12  7:23  Queen  
  12  7:31  Queen  
  12  7:49  Queen  
  12  7:53  Roach x5  
  12  7:54  Roach x8  
  12  7:57  Ravager x5  
  12  7:58  Ravager  
  12  8:03  Overlord x3  
  12  8:04  Overlord  
  12  8:10  Overlord x3  
  12  8:11  Overlord  
  12  8:35  Queen  
  12  8:48  Zerg Ground Armor Level 2  
  12  8:49  Zerg Missile Weapons Level 1  
  12  8:52  Drone x3  
  12  8:53  Drone x4  
  12  8:55  Drone x2  
  12  9:08  Hatchery  
  12  9:21  Drone x15  
  12  9:26  Hatchery  
  12  9:27  Hatchery  
  12  9:37  Hatchery  
  12  9:53  Roach  
  12  9:54  Roach x15  
  12  10:26  Ravager  
  12  10:27  Ravager x3  
  12  10:34  Queen  
  12  10:53  Zerg Melee Weapons Level 2  
  12  11:07  Infestation Pit  
  12  11:21  Ravager  
  12  11:22  Ravager x12  
  12  11:42  Zerg Missile Weapons Level 2  
  12  11:47  Tunneling Claws  
  12  11:49  Burrow  
  12  12:11  Queen  
  12  12:14  Queen  
  12  12:16  Zergling x2  
  12  12:17  Zergling x48  
  12  12:26  Hive  
  12  12:27  Baneling Nest  
  12  12:32  Extractor  
  12  12:38  Drone x2  
  12  12:57  Zergling x10  
  12  12:58  Queen, Zergling x60  
  12  12:59  Zergling x2  
  12  13:00  Queen  
  12  13:16  Drone  
  12  13:22  Drone x8  
  12  13:23  Drone  
  12  13:40  Centrifical Hooks  
  12  13:43  Baneling x13  
  12  13:44  Baneling x30  
  12  13:45  Baneling x28  
  12  13:46  Baneling x16  
  12  13:47  Baneling  
  12  13:53  Drone  
  12  14:04  Extractor  
  12  14:05  Extractor x2, Drone  
  12  14:18  Extractor  
  12  14:19  Extractor  
  12  14:24  Baneling x13  
  12  14:25  Baneling x14  
  12  14:32  Drone x3  
  12  14:33  Drone x3  
  12  14:50  Zergling x2  
  12  14:51  Zergling x48  
  12  14:52  Zergling x16  
  12  15:07  Extractor  
  12  15:08  Drone  
  12  15:09  Drone  
  12  15:10  Drone  
  12  15:30  Drone  
  12  15:33  Hatchery  
  12  15:34  Drone  
  12  15:35  Extractor  
  12  15:36  Extractor, Pathogen Glands  
  12  15:38  Adrenal Glands  
  12  15:40  Zerg Melee Weapons Level 3, Zerg Ground Armor Level 3  
  12  15:59  Extractor  
  12  16:23  Baneling  
  12  16:24  Baneling x24  
  12  16:25  Baneling x9  
  12  16:26  Baneling x5  
  12  16:29  Drone  
  12  17:13  Baneling x4  
  12  17:14  Baneling x22  
  12  17:18  Drone  
  12  17:40  Spine Crawler  
  12  17:41  Spine Crawler x2  
  12  17:44  Spine Crawler  
  12  17:48  Spine Crawler x3  
  12  17:50  Spine Crawler  
  12  17:53  Spine Crawler  
  12  18:25  Baneling x4  
  12  18:26  Baneling x4  
  12  18:30  Zergling x26  
  12  18:31  Zergling x42  
  12  18:38  Zerg Missile Weapons Level 3  
  12  18:43  Spire  
  12  18:50  Hydralisk Den  
  12  19:10  Spore Crawler x2  
  12  19:23  Neural Parasite  
  12  19:28  Muscular Augments  
  12  19:31  Lurker Den  
  12  19:35  Spore Crawler  
  12  19:36  Spore Crawler  
  12  19:39  Spine Crawler  
  12  19:40  Spine Crawler  
  12  20:15  Drone x2  
  12  20:16  Drone x5  
  12  20:18  Baneling x10  
  12  20:19  Baneling x21  
  12  20:22  Baneling  
  12  20:23  Baneling x25  
  12  20:24  Baneling x11  
  12  20:44  Ultralisk Cavern  
  12  20:45  Drone  
  12  20:52  Spine Crawler  
  12  20:53  Spine Crawler  
  12  21:03  Greater Spire  
  12  21:09  Adaptive Talons  
  12  21:19  Drone x3  
  12  21:20  Drone  
  12  22:24  Chitinous Plating  
  12  22:33  Zergling x26  
  12  22:34  Zergling x44  
  12  22:50  Drone  
  12  22:51  Drone x2  
  12  23:42  Hydralisk  
  12  23:56  Spore Crawler x3  
  12  24:04  Spore Crawler  
  12  24:05  Spore Crawler  
  12  24:07  Spore Crawler  
  12  24:08  Zerg Flyer Weapons Level 1  
  12  24:22  Spire  
  12  24:25  Spore Crawler  
  12  24:33  Baneling x2  
  12  24:34  Baneling x17  
  12  24:35  Baneling x18  
  12  24:36  Baneling x30  
  12  24:37  Baneling x3  
  12  24:39  Zergling x2  
  12  24:40  Zergling x36  
  12  24:41  Zergling x34  
  12  24:43  Zergling x2  
  12  24:44  Zergling x32  
  12  25:09  Zergling x2  
  12  25:10  Zergling x36  
  12  25:17  Baneling  
  12  25:18  Baneling x5  
  12  25:19  Baneling x29  
  12  25:20  Baneling x28  
  12  25:21  Baneling x30  
  12  25:22  Baneling x13  
  12  25:38  Drone x4  
  12  25:39  Drone  
  12  26:21  Spine Crawler  
  12  26:23  Spine Crawler x2  
  12  26:24  Spine Crawler  
  12  26:25  Spine Crawler  
  12  26:26  Spore Crawler x2  
  12  27:36  Zerg Flyer Weapons Level 2  
  12  27:39  Zerg Flyer Armor Level 1  
  12  28:15  Pneumatized Carapace  
  12  28:20  Spore Crawler  
  12  28:21  Hydralisk  
  12  28:22  Overlord, Hydralisk  
  12  28:25  Hydralisk  
  12  28:27  Spine Crawler  
  12  28:33  Drone  
  12  28:34  Drone x3  
  12  28:35  Drone  
  12  28:40  Spore Crawler x2  
  12  28:42  Spine Crawler  
  12  28:44  Spine Crawler  
  12  28:45  Spine Crawler  
  12  28:46  Ultralisk x2  
  12  28:51  Baneling  
  12  28:52  Baneling x28  
  12  28:53  Baneling x9  
  12  29:44  Hatchery  
  12  30:00  Hatchery  
  12  30:09  Hatchery  
  12  30:54  Zergling x8  
  12  30:55  Zergling x60  
  12  30:56  Zergling x28  
  12  31:01  Zergling x2  
  12  31:02  Zergling x42  
  12  31:07  Zergling x2  
  12  31:08  Zergling x28  
  12  31:20  Hatchery  
  12  31:43  Baneling x11  
  12  31:44  Baneling x29  
  12  31:45  Baneling x27  
  12  32:07  Hatchery  
  12  32:13  Zergling x4  
  12  32:21  Baneling  
  12  32:22  Baneling x17  
  12  32:23  Baneling x30  
  12  32:24  Baneling x29  
  12  32:25  Baneling x26  
  12  33:14  Zerg Flyer Weapons Level 3  
  12  33:15  Zerg Flyer Armor Level 2  
  12  33:33  Baneling x4  
  12  33:34  Zergling x20  
  12  33:35  Zergling x50  
  12  33:47  Spine Crawler  
  12  33:50  Spine Crawler  
  12  33:54  Spore Crawler x2  
  12  33:56  Spawning Pool  
  12  33:59  Baneling  
  12  34:00  Baneling x15  
  12  34:01  Baneling x5  
  12  34:02  Zergling x2  
  12  34:03  Zergling x50  
  12  34:13  Baneling  
  12  34:14  Baneling x24  
  12  34:15  Baneling x23  
  12  34:22  Zergling x2  
  12  34:23  Zergling x34  
  12  34:24  Zergling x20  
  12  34:53  Baneling  
  12  34:54  Baneling x18  
  12  34:55  Baneling x28  
  12  34:56  Baneling x2  
  12  35:28  Baneling x6  
  12  35:29  Baneling x25  
  12  36:03  Drone x2  
  12  36:04  Drone x2  
  12  36:16  Baneling  
  12  36:17  Baneling x27  
  12  36:20  Zergling x6  
  12  36:21  Zergling x44  
  12  37:24  Baneling x9  
  12  37:25  Baneling x29  
  12  37:26  Baneling x12  
  12  38:03  Zergling x18  
  12  38:04  Zergling x56  
  12  38:05  Zergling x4  
  12  38:29  Baneling  
  12  38:30  Baneling x28  
  12  38:31  Baneling x31  
  12  38:32  Baneling x6  
  12  38:41  Extractor  
  12  38:43  Extractor  
  12  39:18  Baneling  
  12  39:19  Baneling x11  
  12  39:44  Drone  
  12  39:45  Drone x14  
  12  39:47  Drone x11  
  12  39:48  Drone  
  12  39:49  Extractor  
  12  39:54  Extractor  
  12  39:59  Zergling x16  
  12  40:18  Corruptor x5  
  12  40:19  Corruptor  
  12  40:32  Drone  
  12  40:33  Drone  
  12  40:37  Drone x2  
  12  40:39  Drone  
  12  40:47  Extractor  
  12  40:48  Extractor  
  12  40:50  Spine Crawler  
  12  40:51  Spine Crawler  
  12  40:53  Spore Crawler x2  
  12  40:58  Drone  
  12  40:59  Drone x2  
  12  41:19  Hatchery  
  12  41:48  Corruptor  
  12  41:49  Corruptor x10  
  12  41:52  Brood Lord  
  12  41:53  Brood Lord x5  
  12  41:56  Overseer  
  12  42:53  Brood Lord  
  12  42:54  Brood Lord x10  
  12  43:14  Overseer  
  12  43:36  Overseer  
  12  43:37  Overseer  
Tags
 
Add a new tag
Caveats
  • Supply blocks, unpowered buildings, or Contaminate may cause inaccurate times.
  • Supply counts are checked every 10 seconds.